 Dungeon Crawl Stone Soup version 0.31-a0-4-gefa6de2278 (webtiles) character file.

Game seed: 15090658968016906992

1989 qeuew the Digger (level 9, -4/45 HPs)
             Began as a Gargoyle Earth Elementalist on May 4, 2023.
             Killed from afar by Maggie (13 damage)
             ... with a bolt of fire
             ... on level 6 of the Dungeon.
             The game lasted 00:06:42 (5210 turns).

qeuew the Digger (Gargoyle Earth Elementalist)      Turns: 5210, Time: 00:06:48

Health: -4/45      AC:  8    Str: 14      XL:     9   Next: 21%
Magic:  1/15       EV: 13    Int: 15 (18) God:
Gold:   353        SH:  0    Dex:  9 (10) Spells: 12/16 levels left

rFire   . . .        c - staff of earth
rCold   . . .        (no shield)
rNeg    + . .        a - +0 robe
rPois   ∞            (no helmet)
rElec   +            (no cloak)
rCorr   .            (no gloves)
SInv    .            (no boots)
Will    .....        (no amulet)
Stlth   ++           (no ring)
HPRegen 0.27/turn    (no ring)
MPRegen 0.14/turn

%: no passive effects
@: mesmerised
A: sickness immunity, AC +6, negative energy resistance 1, electricity
resistance, torment resistance 1, petrification resistance
a: no special abilities


You were on level 6 of the Dungeon.
You visited 1 branch of the dungeon, and saw 6 of its levels.

You collected 353 gold pieces.

Inventory:

Missiles
 n - a throwing net
Armour
 a - a +0 robe (worn)
Magical Staves
 c - a staff of earth (weapon)
Jewellery
 f - a ring of flight
Scrolls
 h - a scroll of teleportation
 j - 2 scrolls of enchant weapon
 k - a scroll of amnesia
 m - a scroll of poison
 o - a scroll of blinking
 p - a scroll of magic mapping
 q - a scroll of identify
Potions
 b - a potion of magic
 d - 2 potions of curing
 e - 2 potions of ambrosia
 g - a potion of haste
 i - a potion of resistance
 l - a potion of flight


   Skills:
 - Level 0.1 Fighting
 + Level 3.6 Staves
 * Level 5.9 Armour
 * Level 4.8 Dodging
 - Level 2.1 Stealth
 + Level 4.0 Spellcasting
 - Level 0.9 Transmutations
 * Level 7.6 Earth Magic
 + Level 2.8 Evocations


You had 12 spell levels left.
You knew the following spells:

 Your Spells              Type           Power      Damage    Failure   Level
a - Sandblast             Erth           78%        2d17      1%          1
b - Stone Arrow           Conj/Erth      42%        3d9       11%         3

Your spell library contained the following spells:

 Spells                   Type           Power      Damage    Failure   Level
 Passwall                 Tmut/Erth      20%        N/A       4%          2
 Ensorcelled Hibernation  Hex/Ice        6%         N/A       26%         2
 Petrify                  Tmut/Erth      24%        N/A       30%         4
 Spider Form              Tmut/Pois      4%         N/A       41%         3
 Anguish                  Hex/Necr       1%         N/A       87%         4


Dungeon Overview and Level Annotations

Branches:
Dungeon (6/15)
 Temple: D:4-7

Altars:
Makhleb
Trog

Annotations:
D:3 2 runed translucent doors, retardedninja's ghost, amateur GnFE
D:6 Maggie


Innate Abilities, Weirdness & Mutations

You are immune to sickness and miasma.
Your stone body is resilient. (AC +6)
You are immune to poison.
You resist negative energy. (rN+)
You are resistant to electric shocks. (rElec)
You are resistant to unholy torment.
You are immune to petrification.


Message History

Maggie hits you with a +0 broad axe!
You feel a surge of power!
The blast of sand hits Maggie!
Maggie is severely wounded.
Maggie mumbles some strange words.
Maggie attempts to bespell you!
You are mesmerised by Maggie!
Maggie closely misses you.
Unknown command.
You feel a surge of power!
The blast of sand hits Maggie!
Maggie is almost dead.
Maggie points at you and mumbles some strange words.
The bolt of fire hits you!
You are too injured to fight recklessly!
You are too injured to fight recklessly!
You are too injured to fight recklessly!
You are too injured to fight recklessly!
Casting: Sandblast (safe; 1% risk of failure)
Confirm with . or Enter, or press ? or * to list all spells.
Aiming: Stone Arrow (dangerous; 11% risk of failure)
Press: ? - help, Shift-Dir - straight line, f/p - Maggie
Aim: Maggie, wielding a +0 broad axe and wearing +0 acid dragon scales (almost dead, mesmerising, 71% to hit)
You feel a surge of power! Maggie hits you with a +0 broad axe!
* * * LOW HITPOINT WARNING * * *
Casting: Stone Arrow (dangerous; 11% risk of failure)
Confirm with . or Enter, or press ? or * to list all spells.
Aiming: Stone Arrow (dangerous; 11% risk of failure)
Press: ? - help, Shift-Dir - straight line, f/p - Maggie
Aim: Maggie, wielding a +0 broad axe and wearing +0 acid dragon scales (almost dead, mesmerising, 71% to hit)
You feel a surge of power! Maggie casts a spell at you.
The bolt of fire misses you.
Casting: Stone Arrow (dangerous; 11% risk of failure)
Confirm with . or Enter, or press ? or * to list all spells.
Aiming: Stone Arrow (dangerous; 11% risk of failure)
Press: ? - help, Shift-Dir - straight line, f/p - Maggie
Aim: Maggie, wielding a +0 broad axe and wearing +0 acid dragon scales (almost dead, mesmerising, 71% to hit)
You feel a surge of power!
Maggie points at you and mumbles some strange words.
The bolt of fire hits you!
You die...

... #.#
#.#####.####
#.......##..
##....####.# ###
#....# #.#...
#....####.#.#####
+....'.......>...
#....####.#.!...#
#....# #.@......#
#....# #.@###.###
###### #... ..
#.### ## #. #. #.
#.


You could see Maggie (mesmerising).

Vanquished Creatures
  Pikel (D:4)
  2 black bears (D:4)
  4 ogres
  2 ice beasts
  A lemure (D:4)
  A phantom (D:4)
  A scorpion (D:4)
  2 howler monkeys
  5 hounds
  An orc priest (D:2)
  2 sleepcaps
  3 iguanas
  An orc wizard (D:2)
  10 adders
  5 gnolls
  13 orcs
  10 bats
  13 endoplasms
  8 giant cockroaches
  7 goblins
  5 hobgoblins
  4 jackals
  3 quokkas
  9 ball pythons
  6 frilled lizards
  9 kobolds
  9 rats
137 creatures vanquished.

Vanquished Creatures (others)
  3 plants (D:2)
3 creatures vanquished.

Grand Total: 140 creatures vanquished

Notes
Turn   | Place    | Note
-------+----------+-------------------------------------------
     0 | D:1      | qeuew the Gargoyle Earth Elementalist began the quest for
                  | the Orb.
     0 | D:1      | Reached XP level 1. HP: 10/10 MP: 3/3
   157 | D:1      | Reached XP level 2. HP: 15/15 MP: 1/5
   337 | D:1      | Reached skill level 4 in Earth Magic
   572 | D:1      | Reached skill level 1 in Armour
   747 | D:1      | Reached XP level 3. HP: 19/19 MP: 2/6
  1029 | D:1      | Learned a level 3 spell: Stone Arrow
  1086 | D:2      | Found a burning altar of Makhleb.
  1228 | D:2      | Reached XP level 4. HP: 24/24 MP: 5/7
  1336 | D:2      | Noticed an ogre
  1340 | D:2      | Killed an ogre
  1341 | D:2      | Reached skill level 1 in Staves
  1341 | D:2      | Reached XP level 5. HP: 28/28 MP: 4/8
  1906 | D:3      | Found a runed translucent door.
  1910 | D:3      | Noticed retardedninja's ghost (amateur GnFE)
  2056 | D:3      | Found a runed translucent door.
  2494 | D:3      | Found a bloodstained altar of Trog.
  2515 | D:3      | Noticed an ice beast
  2524 | D:3      | Killed an ice beast
  2525 | D:3      | Reached skill level 5 in Earth Magic
  2525 | D:3      | Reached XP level 6. HP: 25/32 MP: 1/10
  3084 | D:4      | Reached skill level 1 in Evocations
  3084 | D:4      | Reached XP level 7. HP: 36/36 MP: 6/11
  3753 | D:4      | Reached skill level 6 in Earth Magic
  3941 | D:4      | Noticed Pikel
  3978 | D:4      | Killed Pikel
  3979 | D:4      | Reached skill level 5 in Armour
  3979 | D:4      | Reached XP level 8. HP: 11/41 MP: 1/13
  4247 | D:4      | Reached skill level 7 in Earth Magic
  4515 | D:5      | Entered Level 5 of the Dungeon
  4580 | D:5      | Reached XP level 9. HP: 30/45 MP: 6/14
  5198 | D:6      | Noticed Maggie
  5210 | D:6      | Killed from afar by Maggie

Illustrated notes

Levels and vault maps discovered:
D:1:      psy_arrival_fountain, layout_loops_cross
D:2:      layout_loops_cross, basic_altar, serial_bayou_ford_a
D:3:      minmay_chambers_of_twos, layout_loops_ring, mainiacjoe_overflow_paths,
          ebering_ghost_sewer_f, dk_noncrumbling_3
D:4:      minmay_diamond_boxcup, layout_basic, minmay_joined_circles, uniq_pikel
D:5:      layout_rooms, kennysheep_potato
D:6:      layout_basic, okawaru_trees_1, minmay_temple_entry_hall,
          dilly_guarded_unrand_devastator, uniq_maggie

Skill      XL: |  1  2  3  4  5  6  7  8  9 |
---------------+----------------------------+-----
Earth Magic    | 4 5 6 7 |  7.6
Armour         | 1 2 3 5 |  5.9
Dodging        | 2 3 4 |  4.8
Staves         | 1 3 |  3.6
Evocations     | 1 2 |  2.8
Spellcasting   | 3 4 |  4.0
Fighting       | |  0.1
Stealth        | |  2.1
Transmutations | |  0.9

Action                     |  1- 3 |  4- 6 |  7- 9 || total
---------------------------+-------+-------+-------++-------
  Melee: Unarmed           |    12 |       |       ||    12
         Staff             |     5 |     4 |    22 ||    31
   Cast: Sandblast         |    41 |    66 |   113 ||   220
         Stone Arrow       |       |       |     6 ||     6
    Use: Scroll            |     2 |     9 |     1 ||    12
         Potion            |       |     7 |     3 ||    10
 Armour: Robe              |    19 |     8 |    44 ||    71
  Dodge: Dodged            |    26 |    15 |   103 ||   144

Table legend: (Time is in decaauts)
 A = Elapsed time spent in this place.
 B = Non-inter-level travel time spent in this place.
 C = Inter-level travel time spent in this place.
 D = Time resting spent in this place.
 E = Time spent auto-exploring this place.
 F = Levels seen in this place.
 G = Mean time per level.
                   A        B        C        D        E       F      G
               +--------+--------+--------+--------+--------+-----+--------+
         Total |   5298 |   5144 |    154 |     56 |   4323 |   6 |  883.0 |
       Dungeon |   5298 |   5144 |    154 |     56 |   4323 |   6 |  883.0 |
               +--------+--------+--------+--------+--------+-----+--------+

Top non-repeatable levels by time:
     D:4: 1608 daAuts
     D:1: 1073 daAuts
     D:3: 1046 daAuts
     D:2: 853 daAuts
     D:5: 644 daAuts
     D:6: 72 daAuts
